 Dungeon Crawl Stone Soup version 0.28-a0-1404-g4df0f3684d (webtiles) character file.

Game seed: 11717477763462923346

13 lonewolfV2 the Charlatan (level 2, 0/14 HPs)
             Began as a Spriggan Artificer on Jan 5, 2022.
             Slain by a goblin (1 damage)
             ... on level 1 of the Dungeon.
             The game lasted 00:01:41 (830 turns).

lonewolfV2 the Charlatan (Spriggan Artificer)        Turns: 830, Time: 00:01:42

Health: 0/14       AC:  2    Str:  8    XL:     2   Next: 24%
Magic:  3/3        EV: 18    Int: 12    God:
Gold:   17         SH:  0    Dex: 15    Spells: 1/1 levels left

rFire   . . .      SeeInvis +   a - +0 club
rCold   . . .      Faith    .   (no shield)
rNeg    . . .      Spirit   .   b - +0 robe
rPois   .          Reflect  .   (helmet restricted)
rElec   .          Harm     .   (no cloak)
rCorr   .          Rampage  .   (gloves unavailable)
Will    .....                   (boots unavailable)
Stlth   ++........              (no amulet)
HPRegen 0.04/turn               (no ring)
MPRegen 0.08/turn               (no ring)

@: very quick
A: very small, no large weapons, unfitting armour, see invisible, speed 3
a: no special abilities


You were on level 1 of the Dungeon.
You visited 1 branch of the dungeon, and saw 1 of its levels.

You collected 17 gold pieces.

Inventory:

Hand Weapons
 a - a +0 club (weapon)
Armour
 b - a +0 robe (worn)
Wands
 c - a wand of flame (11)
 d - a wand of charming (12) (quivered)
Scrolls
 f - a scroll of identify
Miscellaneous
 e - a piece from Xom's chessboard (inert)


   Skills:
 + Level 0.7 Fighting
 + Level 0.1 Maces & Flails
 + Level 3.8 Dodging
 + Level 1.8 Stealth
 + Level 4.3 Evocations


You had one spell level left.
You didn't know any spells.
Your spell library was empty.

Dungeon Overview and Level Annotations

Branches:
Dungeon (1/15)

Altars:


Innate Abilities, Weirdness & Mutations

You are very small and have problems with some larger weapons.
You are too small for most types of armour.
You have supernaturally acute eyesight. (SInv)
You cover ground extremely quickly. (Speed+++)


Message History

You see here a scroll labelled DOERRO VIOSOMO.
You see here a scroll labelled DOERRO VIOSOMO.
You closely miss the goblin. The goblin closely misses you. x2
The goblin hits you with a +0 club.
You closely miss the goblin. The goblin misses you.
The goblin barely misses you. The goblin hits you but does no damage.
You closely miss the goblin. The goblin barely misses you. x2
You hit the goblin but do no damage. The goblin hits you with a +0 club.
The goblin hits you with a +0 dagger. The goblin completely misses you.
You barely miss the goblin. The goblin closely misses you. x2
The goblin hits you with a +0 dagger.
You miss the goblin. The goblin completely misses you.
The goblin barely misses you.
You barely miss the goblin. The goblin hits you but does no damage.
The goblin barely misses you. The goblin misses you.
You hit the goblin.
You kill the goblin!
The goblin closely misses you. The goblin hits you with a +0 dagger.
* * * LOW HITPOINT WARNING * * *
You see here a +0 club.
You hit the goblin.
The goblin is severely wounded.
The goblin barely misses you.
You closely miss the goblin.
The goblin is severely wounded.
The goblin barely misses you.
You miss the goblin.
The goblin is severely wounded.
The goblin misses you. x2
You barely miss the goblin.
The goblin is severely wounded.
The goblin hits you with a +0 dagger.
* * * LOW HITPOINT WARNING * * *
You barely miss the goblin.
The goblin is severely wounded.
The goblin hits you but does no damage.
You completely miss the goblin.
The goblin is severely wounded.
The goblin hits you with a +0 dagger.
You die...

### #.. .. ..... .# #.#.#
.# # #.#.# .# #.#.#.# .#
###.#.#.####.####.#.####
.......@................
####.#.#g###..## .####
........)[..†..#
####.#.#?###...# #.####
..............# #.....
.##.#...###.#.###.#.####
..(.?.............#[....
.......[##.>............
####.#...##..#.##########


You could see a goblin.

Vanquished Creatures
  A dart slug (D:1)
  An endoplasm (D:1)
  5 goblins (D:1)
  A kobold (D:1)
  A rat (D:1)
9 creatures vanquished.

Vanquished Creatures (collateral kills)
  A frilled lizard (D:1)
1 creature vanquished.

Grand Total: 10 creatures vanquished

Notes
Turn   | Place    | Note
-------+----------+-------------------------------------------
     0 | D:1      | lonewolfV2 the Spriggan Artificer began the quest for the
                  | Orb.
     0 | D:1      | Reached XP level 1. HP: 9/9 MP: 2/2
   120 | D:1      | Found a faded altar of an unknown god.
   195 | D:1      | Reached XP level 2. HP: 4/14 MP: 3/3
   830 | D:1      | Slain by a goblin

Illustrated notes

Levels and vault maps discovered:
D:1:      minmay_arrival_solitary_statue, layout_basic, basic_ecumenical_altar,
          minmay_stone_trees_small

Action                   || total
-------------------------++-------
Melee: Club              ||    42
Evoke: Piece from Xom's  ||    15
       Wand              ||     7
  Use: Scroll            ||     1
 Stab: Sleeping          ||     1
Armor: Robe              ||     6
Dodge: Dodged            ||    49

Table legend: (Time is in decaauts)
 A = Elapsed time spent in this place.
 B = Non-inter-level travel time spent in this place.
 C = Inter-level travel time spent in this place.
 D = Time resting spent in this place.
 E = Time spent auto-exploring this place.
 F = Levels seen in this place.
 G = Mean time per level.
                   A        B        C        D        E       F      G
               +--------+--------+--------+--------+--------+-----+--------+
         Total |    739 |    739 |      0 |      0 |    598 |   1 |  739.0 |
       Dungeon |    739 |    739 |      0 |      0 |    598 |   1 |  739.0 |
               +--------+--------+--------+--------+--------+-----+--------+

Top non-repeatable levels by time:
     D:1: 739 daAuts
